| TOP OF THE 1ST |
|
Scranton WB RailRiders batting - Pitching for Round Rock Express : RHP Eric Richards
|
|
Pitching: RHP Eric Richards
|
|
|
Batting: RHB Devon Utley
|
0-0: SINGLE (Groundball, 56D, EV 100.0 MPH)
|
|
Batting: LHB Aaron Joyner
|
0-0: Ball 1-0: Foul Ball, location: 2F 1-1: Ball 2-1: Ball 3-1: Called Strike 3-2: Base on Balls Devon Utley to second
|
|
Batting: SHB Mukhtar Wa'il
|
0-0: Ball 1-0: Called Strike 1-1: Foul Ball, location: 2F 1-2: Foul Ball, location: 2F 1-2: Hit by Pitch Devon Utley to third Aaron Joyner to second
|
|
Batting: SHB Ryan Buchbinder
|
0-0: Swinging Strike 0-1: Ball 1-1: Foul Ball, location: 2F 1-2: Foul Ball, location: 2F 1-2: Strikes out swinging
|
|
Batting: LHB Dan Morris
|
0-0: Ball 1-0: Foul Ball, location: 2F 1-1: Swinging Strike 1-2: Strikes out swinging
|
|
Batting: RHB Andy Wasierski
|
0-0: Swinging Strike 0-1: Called Strike 0-2: Strikes out swinging
|
| Top of the 1st over - 0 runs, 1 hit, 0 errors, 3 left on base; Scranton WB 0 - Round Rock 0 |
| BOTTOM OF THE 1ST |
|
Round Rock Express batting - Pitching for Scranton WB RailRiders : LHP Jay Turpin
|
|
Pitching: LHP Jay Turpin
|
|
|
Batting: RHB Bill Turnbull
|
0-0: Ball 1-0: Called Strike 1-1: Ball 2-1: Ball 3-1: DOUBLE (Flyball, 89XD, EV 113.8 MPH)
|
|
Batting: RHB C.J. Sagle
|
0-0: Ball 1-0: Ball 2-0: Ball 3-0: Called Strike 3-1: Foul Ball, location: 2F 3-2: Foul Ball, location: 2F 3-2: Fly out, F7 (Line Drive, 78S, EV 88.8 MPH)
|
|
Batting: LHB Josh Stuck
|
0-0: Swinging Strike 0-1: Swinging Strike 0-2: Ground out 5-3 (Groundball, 5L, EV 93.1 MPH)
|
|
Batting: RHB Trevor Mock
|
0-0: Foul Ball, location: 2F 0-1: Called Strike 0-2: Ball 1-2: Fly out, F7 (Flyball, 78D, EV 105.6 MPH)
|
| Bottom of the 1st over - 0 runs, 1 hit, 0 errors, 1 left on base; Scranton WB 0 - Round Rock 0 |
| TOP OF THE 2ND |
|
Scranton WB RailRiders batting - Pitching for Round Rock Express : RHP Eric Richards
|
|
Batting: SHB Joe Fure
|
0-0: Foul Ball, location: 2F 0-1: Ball 1-1: Called Strike 1-2: Ground out 5-3 (Groundball, 56, EV 83.8 MPH)
|
|
Batting: RHB Josh Zoglmann
|
0-0: Ball 1-0: Ball 2-0: Ball 3-0: Called Strike 3-1: Foul Ball, location: 2F 3-2: Ground out 4-3 (Groundball, 34, EV 92.5 MPH)
|
|
Batting: RHB Mike Plugge
|
0-0: Ball 1-0: Called Strike 1-1: Ground out 1-3 (Groundball, 15, EV 68.8 MPH)
|
| Top of the 2nd over - 0 runs, 0 hits, 0 errors, 0 left on base; Scranton WB 0 - Round Rock 0 |
| BOTTOM OF THE 2ND |
|
Round Rock Express batting - Pitching for Scranton WB RailRiders : LHP Jay Turpin
|
|
Batting: RHB Adryão Anto
|
0-0: Fly out, F8 (Flyball, 78M, EV 90.6 MPH)
|
|
Batting: RHB Martin Guerrero
|
0-0: Foul Ball, location: 2F 0-1: Ball 1-1: SINGLE (Line Drive, 56D, EV 101.2 MPH)
|
|
Batting: RHB Danny Heyer
|
0-0: Ball 1-0: Called Strike 1-1: Ball 2-1: Fly out, F7 (Flyball, 7, EV 93.1 MPH)
|
|
Batting: RHB Ivan Colon
|
0-0: Ball 1-0: Ball 2-0: Ground out 4-3 (Groundball, 4S, EV 87.5 MPH)
|
| Bottom of the 2nd over - 0 runs, 1 hit, 0 errors, 1 left on base; Scranton WB 0 - Round Rock 0 |
| TOP OF THE 3RD |
|
Scranton WB RailRiders batting - Pitching for Round Rock Express : RHP Eric Richards
|
|
Batting: RHB Devon Utley
|
0-0: Fly out, F8 (Flyball, 8RM, EV 95.6 MPH)
|
|
Batting: LHB Aaron Joyner
|
0-0: Ball 1-0: SINGLE (Line Drive, 78S, EV 98.8 MPH)
|
|
Batting: SHB Mukhtar Wa'il
|
0-0: Swinging Strike 0-1: Swinging Strike 0-2: Strikes out looking
|
|
Batting: SHB Ryan Buchbinder
|
0-0: Called Strike Aaron Joyner steals 2nd base 0-1: Foul Ball, location: 2F 0-2: Ball 1-2: Foul Ball, location: 2F 1-2: Ball 2-2: Ball 3-2: Strikes out swinging
|
| Top of the 3rd over - 0 runs, 1 hit, 0 errors, 1 left on base; Scranton WB 0 - Round Rock 0 |
| BOTTOM OF THE 3RD |
|
Round Rock Express batting - Pitching for Scranton WB RailRiders : LHP Jay Turpin
|
|
Batting: RHB Luis Arce
|
0-0: Foul Ball, location: 2F 0-1: Ball 1-1: Ball 2-1: Ball 3-1: Base on Balls
|
|
Batting: RHB Bill Turnbull
|
0-0: Ball 1-0: Ball 2-0: Called Strike 2-1: Foul Ball, location: 2F 2-2: Foul Ball, location: 2F 2-2: Foul Ball, location: 2F 2-2: Ball 3-2: Strikes out swinging Luis Arce is caught stealing 2nd base 2-4 Batter strikes out.
|
|
Batting: RHB C.J. Sagle
|
0-0: Called Strike 0-1: Swinging Strike 0-2: Strikes out swinging
|
| Bottom of the 3rd over - 0 runs, 0 hits, 0 errors, 0 left on base; Scranton WB 0 - Round Rock 0 |
| TOP OF THE 4TH |
|
Scranton WB RailRiders batting - Pitching for Round Rock Express : RHP Eric Richards
|
|
Batting: LHB Dan Morris
|
0-0: Ball 1-0: Ball 2-0: Called Strike 2-1: Ball 3-1: Called Strike 3-2: Fly out, F7 (Flyball, 78D, EV 104.4 MPH)
|
|
Batting: RHB Andy Wasierski
|
0-0: Ball 1-0: Foul Ball, location: 2F 1-1: Foul Ball, location: 2F 1-2: Ball 2-2: Foul Ball, location: 2F 2-2: Foul Ball, location: 2F 2-2: Ground out 6-3 (Groundball, 6, EV 88.1 MPH)
|
|
Batting: SHB Joe Fure
|
0-0: Ball 1-0: Called Strike 1-1: Swinging Strike 1-2: Strikes out swinging
|
| Top of the 4th over - 0 runs, 0 hits, 0 errors, 0 left on base; Scranton WB 0 - Round Rock 0 |
| BOTTOM OF THE 4TH |
|
Round Rock Express batting - Pitching for Scranton WB RailRiders : LHP Jay Turpin
|
|
Batting: LHB Josh Stuck
|
0-0: Ball 1-0: Called Strike 1-1: Swinging Strike 1-2: Ball 2-2: Strikes out swinging
|
|
Batting: RHB Trevor Mock
|
0-0: Ball 1-0: Ball 2-0: Called Strike 2-1: Called Strike 2-2: Foul Ball, location: 2F 2-2: Foul Ball, location: 2F 2-2: Ball 3-2: Foul Ball, location: 2F 3-2: Foul Ball, location: 2F 3-2: Base on Balls
|
|
Batting: RHB Adryão Anto
|
0-0: Ball 1-0: Foul Ball, location: 2F 1-1: Called Strike Trevor Mock steals 2nd, throwing error, E2 Trevor Mock to third 1-2: Ball 2-2: Fly out, F5 (Popup, 5, EV 61.9 MPH)
|
|
Batting: RHB Martin Guerrero
|
0-0: Ball 1-0: Ball 2-0: Foul Ball, location: 2F 2-1: Foul Ball, location: 2F 2-2: Foul Ball, location: 2F 2-2: Ball 3-2: Ground out U3 (Groundball, 3S, EV 86.9 MPH)
|
| Bottom of the 4th over - 0 runs, 0 hits, 1 error, 1 left on base; Scranton WB 0 - Round Rock 0 |
| TOP OF THE 5TH |
|
Scranton WB RailRiders batting - Pitching for Round Rock Express : RHP Eric Richards
|
|
Batting: RHB Josh Zoglmann
|
0-0: Ball 1-0: Foul Ball, location: 2F 1-1: Ball 2-1: Ball 3-1: Fly out, F9 (Flyball, 9, EV 76.2 MPH)
|
|
Batting: RHB Mike Plugge
|
0-0: Ball 1-0: Called Strike 1-1: Foul Ball, location: 2F 1-2: Ground out 4-3 (Groundball, 4S, EV 73.1 MPH)
|
|
Batting: RHB Devon Utley
|
0-0: Foul Ball, location: 2F 0-1: Ball 1-1: Foul Ball, location: 2F 1-2: Fly out, F5 (Line Drive, 5, EV 71.2 MPH)
|
| Top of the 5th over - 0 runs, 0 hits, 0 errors, 0 left on base; Scranton WB 0 - Round Rock 0 |
| BOTTOM OF THE 5TH |
|
Round Rock Express batting - Pitching for Scranton WB RailRiders : LHP Jay Turpin
|
|
Batting: RHB Danny Heyer
|
0-0: Ball 1-0: Foul Ball, location: 2F 1-1: Ball 2-1: TRIPLE (Line Drive, 89XD, EV 110.0 MPH)
|
|
Batting: RHB Ivan Colon
|
0-0: Ball 1-0: Ball 2-0: Called Strike 2-1: Swinging Strike 2-2: Ground out 6-3 (Groundball, P, EV 78.1 MPH)
|
|
Batting: RHB Luis Arce
|
0-0: Ball 1-0: Swinging Strike 1-1: Ground out 4-3 (Groundball, 6, EV 83.1 MPH)
|
|
Batting: RHB Bill Turnbull
|
0-0: Swinging Strike 0-1: Foul Ball, location: 2F 0-2: Foul Ball, location: 2F 0-2: Ball 1-2: SINGLE (Groundball, 6S, EV 62.5 MPH) (infield hit) Danny Heyer scores
|
|
Pitching: RHP Ray Richards
|
|
|
Batting: RHB C.J. Sagle
|
0-0: Ground out 4-3 (Groundball, 34S, EV 83.1 MPH)
|
| Bottom of the 5th over - 1 run, 2 hits, 0 errors, 1 left on base; Scranton WB 0 - Round Rock 1 |
| TOP OF THE 6TH |
|
Scranton WB RailRiders batting - Pitching for Round Rock Express : RHP Eric Richards
|
|
Batting: LHB Aaron Joyner
|
0-0: Ground out U3 (Groundball, 3S, EV 68.8 MPH)
|
|
Batting: SHB Mukhtar Wa'il
|
0-0: Ball 1-0: Swinging Strike 1-1: Foul Ball, location: 2F 1-2: Strikes out swinging
|
|
Batting: SHB Ryan Buchbinder
|
0-0: SINGLE (Line Drive, 4D, EV 95.6 MPH)
|
|
Batting: LHB Dan Morris
|
0-0: Ball 1-0: Called Strike 1-1: Ball 2-1: Fly out, F6 (Popup, 6S, EV 80.6 MPH)
|
| Top of the 6th over - 0 runs, 1 hit, 0 errors, 1 left on base; Scranton WB 0 - Round Rock 1 |
| BOTTOM OF THE 6TH |
|
Round Rock Express batting - Pitching for Scranton WB RailRiders : RHP Ray Richards
|
|
Batting: LHB Josh Stuck
|
0-0: Swinging Strike 0-1: Ball 1-1: Ball 2-1: Foul Ball, location: 2F 2-2: Ball 3-2: Foul Ball, location: 2F 3-2: Ground out U3 (Groundball, 34S, EV 90.6 MPH)
|
|
Batting: RHB Trevor Mock
|
0-0: Fly out, F7 (Line Drive, 7S, EV 96.9 MPH)
|
|
Batting: RHB Adryão Anto
|
0-0: Ball 1-0: Called Strike 1-1: Ball 2-1: Called Strike 2-2: Foul Ball, location: 2F 2-2: Strikes out swinging
|
| Bottom of the 6th over - 0 runs, 0 hits, 0 errors, 0 left on base; Scranton WB 0 - Round Rock 1 |
| TOP OF THE 7TH |
|
Scranton WB RailRiders batting - Pitching for Round Rock Express : RHP Eric Richards
|
|
Batting: RHB Andy Wasierski
|
0-0: Ball 1-0: Fly out, F8 (Flyball, 8RD, EV 96.2 MPH)
|
|
Batting: SHB Joe Fure
|
0-0: Ball 1-0: Swinging Strike 1-1: Ball 2-1: Called Strike 2-2: Ball 3-2: Base on Balls
|
|
Batting: RHB Josh Zoglmann
|
0-0: Called Strike 0-1: Ball 1-1: Foul Ball, location: 2F 1-2: Ball 2-2: Ball 3-2: Base on Balls Joe Fure to second
|
|
Pinch Hitting: LHB Paul Diaz
|
0-0: Ball 1-0: Swinging Strike 1-1: SINGLE (Line Drive, 4D, EV 96.9 MPH) Joe Fure to third Josh Zoglmann to second
|
|
Batting: RHB Devon Utley
|
0-0: Called Strike 0-1: Ball 1-1: Swinging Strike 1-2: Fly out, F4 (Line Drive, 4, EV 70.6 MPH)
|
|
Batting: LHB Aaron Joyner
|
0-0: Ground out U3 (Groundball, 3, EV 81.2 MPH)
|
| Top of the 7th over - 0 runs, 1 hit, 0 errors, 3 left on base; Scranton WB 0 - Round Rock 1 |
| BOTTOM OF THE 7TH |
|
Round Rock Express batting - Pitching for Scranton WB RailRiders : RHP Ray Richards
|
|
Now at 3B: Eric Davis
|
|
|
Batting: RHB Martin Guerrero
|
0-0: Swinging Strike 0-1: Ball 1-1: Ground out 1-3 (Groundball, 13S, EV 68.8 MPH)
|
|
Batting: RHB Danny Heyer
|
0-0: Called Strike 0-1: Swinging Strike 0-2: Strikes out swinging
|
|
Batting: RHB Ivan Colon
|
0-0: Called Strike 0-1: Ball 1-1: Fly out, F9 (Flyball, 89D, EV 91.9 MPH)
|
| Bottom of the 7th over - 0 runs, 0 hits, 0 errors, 0 left on base; Scranton WB 0 - Round Rock 1 |
| TOP OF THE 8TH |
|
Scranton WB RailRiders batting - Pitching for Round Rock Express : RHP Eric Richards
|
|
Batting: SHB Mukhtar Wa'il
|
0-0: Fly out, F7 (Flyball, 78M, EV 77.5 MPH)
|
|
Batting: SHB Ryan Buchbinder
|
0-0: Called Strike 0-1: Ball 1-1: Ball 2-1: Swinging Strike 2-2: Foul Ball, location: 2F 2-2: Ball 3-2: SINGLE (Groundball, 34S, EV 65.0 MPH) (infield hit)
|
|
Pitching: LHP Jaden Asante
|
|
|
Batting: LHB Dan Morris
|
0-0: Ball 1-0: Ball 2-0: Fielders Choice at 2nd, 4-6 (Groundball, 4M, EV 77.5 MPH)
|
|
Batting: RHB Andy Wasierski
|
0-0: Called Strike 0-1: Foul Ball, location: 2F 0-2: Ball 1-2: Ball 2-2: Foul Ball, location: 2F 2-2: Foul Ball, location: 2F 2-2: Fly out, F3 (Popup, 3S, EV 67.5 MPH)
|
| Top of the 8th over - 0 runs, 1 hit, 0 errors, 1 left on base; Scranton WB 0 - Round Rock 1 |
| BOTTOM OF THE 8TH |
|
Round Rock Express batting - Pitching for Scranton WB RailRiders : RHP Ray Richards
|
|
Batting: RHB Luis Arce
|
0-0: Ball 1-0: Ball 2-0: Foul Ball, location: 2F 2-1: Foul Ball, location: 2F 2-2: Strikes out swinging
|
|
Batting: RHB Bill Turnbull
|
0-0: Ball 1-0: Ball 2-0: Fly out, F9 (Flyball, 9LM, EV 96.9 MPH)
|
|
Batting: RHB C.J. Sagle
|
0-0: Fly out, F8 (Flyball, 8RS, EV 94.4 MPH)
|
| Bottom of the 8th over - 0 runs, 0 hits, 0 errors, 0 left on base; Scranton WB 0 - Round Rock 1 |
| TOP OF THE 9TH |
|
Scranton WB RailRiders batting - Pitching for Round Rock Express : LHP Jaden Asante
|
|
Pitching: RHP Steve Grier
|
|
|
Batting: SHB Joe Fure
|
0-0: Foul Ball, location: 2F 0-1: Ball 1-1: Ground out U3 (Groundball, 3, EV 82.5 MPH)
|
|
Batting: RHB Josh Zoglmann
|
0-0: Ball 1-0: Fly out, F8 (Flyball, 8RS, EV 81.2 MPH)
|
|
Batting: RHB Eric Davis
|
0-0: Called Strike 0-1: Called Strike 0-2: Ball 1-2: Strikes out looking
|
| Top of the 9th over - 0 runs, 0 hits, 0 errors, 0 left on base; Scranton WB 0 - Round Rock 1 |
|